 Dungeon Crawl Stone Soup version 0.17.1-3-g152610e (webtiles) character file.

63182 Metrazal the Unseen (level 14, -4/91 HPs)
             Began as a Spriggan Assassin on Feb 21, 2016.
             Was a High Priest of Elyvilon.
             Slain by a short sword of venom (9 damage)
             ... on level 2 of the Elven Halls on Feb 23, 2016.
             The game lasted 06:31:51 (35629 turns).

Metrazal the Unseen (Spriggan Assassin)            Turns: 35629, Time: 06:31:51

Health: -4/91      AC:  6    Str: 14    XL:     14   Next: 67%
Magic:  15/15      EV: 42    Int: 13    God:    Elyvilon [*****.]
Gold:   1788       SH:  0    Dex: 27    Spells: 0 memorised, 13 levels left

rFire  . . .     SeeInvis +     c - +6 hunting sling (flame)
rCold  . . .     Clarity  .     A - +1 robe {MR+}
rNeg   . . .     SustAt   .     (shield restricted)
rPois  +         Gourm    .     (helmet restricted)
rElec  .         Spirit   .     S - +2 cloak
rCorr  +         Warding  .     (gloves unavailable)
rMut   .         Stasis   .     (boots unavailable)
MR     +++..                    l - amulet of resist corrosion
Stlth  ..........               P - ring of poison resistance
                                r - +2 ring of strength

@: agile, berserking, very quick, extremely resistant to hostile enchantments,
extremely unstealthy
A: unfitting armour, see invisible, herbivore 3, speed 3, slow metabolism 2
a: Lesser Healing, Heal Other, Purification, Greater Healing, Divine Vigour,
Divine Protection, Renounce Religion


You were on level 2 of the Elven Halls.
You worshipped Elyvilon.
Elyvilon was extremely pleased with you.
You were not hungry.

You visited 4 branches of the dungeon, and saw 22 of its levels.

You collected 2596 gold pieces.
You spent 808 gold pieces at shops.

Inventory:

Hand Weapons
 a - a +4 dagger
 b - a +0 blowgun
 c - a +6 hunting sling of flaming (weapon)
 d - a +0 shortbow of flaming
Missiles
 e - 54 poisoned needles
 f - 10 curare-tipped needles
 j - 260 stones (quivered)
 o - 2 needles of slowing
 q - 23 arrows of flame
 u - 417 arrows
 x - 29 arrows of frost
 z - 4 steel sling bullets
 B - 137 sling bullets
 E - 9 silver sling bullets
 U - 9 arrows of dispersal
 W - 16 poisoned arrows
Armour
 A - a +1 robe of magic resistance (worn)
 S - a +2 cloak (worn)
Jewellery
 l - an amulet of resist corrosion (around neck)
 r - a +2 ring of strength (left hand)
 P - a ring of poison resistance (right hand)
Wands
 h - a wand of digging (13)
 t - a wand of paralysis (9)
 C - a wand of digging (7)
 I - a wand of paralysis (20)
 Q - a wand of lightning (7)
 R - a wand of heal wounds (0)
 T - a wand of invisibility (5)
 V - a wand of slowing (45)
 X - a wand of flame (36)
 Z - a wand of magic darts (20)
Scrolls
 w - 2 scrolls of recharging
 y - 16 scrolls of remove curse
 D - 3 scrolls of fog
 H - a scroll of magic mapping
 N - a scroll of fear
Potions
 i - a potion of haste
 k - 3 potions of lignification
 m - 4 potions of berserk rage
 n - 2 potions of magic
 s - a potion of invisibility
 F - 5 potions of brilliance
 G - 4 potions of curing
 J - a potion of cancellation
 K - 3 potions of ambrosia
 M - a potion of resistance
 O - 2 potions of might
Comestibles
 g - 18 bread rations
 L - 6 fruits


   Skills:
 - Level 1.5 Fighting
 * Level 12.8 Short Blades
 * Level 14.1(14.2) Slings
 * Level 12.6 Bows
 - Level 2.0(8.2) Throwing
 * Level 16.0 Dodging
 * Level 18.0 Stealth
 - Level 1.3 Invocations


You had 13 spell levels left.
You didn't know any spells.

Dungeon Overview and Level Annotations

Branches:
Dungeon (15/15)            Temple (1/1) D:7            Lair (0/8) D:8
    Orc (4/4) D:12            Elf (2/3) Orc:4        Vaults (0/5) D:14
 Depths (0/5) D:15

Altars:
Cheibriados
Elyvilon
Gozag
Kikubaaqudgha
Makhleb
Nemelex Xobeh
Okawaru
Qazlal
Ru
Sif Muna
Trog
Vehumet
Xom
The Shining One
Beogh

Shops:
D:5 [   D:13 !   D:15 :   Orc:4 *!%[   Elf:1 *

Portals:
Trove: Elf:1 (give +2 gold dragon armour)

Annotations:
D:12 exclusion: ice statue
Elf:2 exclusion: orange crystal statue


Innate Abilities, Weirdness & Mutations

You are tiny and cannot use many weapons and most armour.
You have supernaturally acute eyesight.
You are a herbivore.
You cover ground extremely quickly.
You need consume almost no food.


Message History

The deep elf knight shouts!
The deep elf fighter shouts!
The deep elf fighter shouts!
The short sword of venom completely misses you.
The flail of draining barely misses you.
The trident of flaming completely misses you.
The flail of protection barely misses you.
The short sword of venom hits you!
* * * LOW HITPOINT WARNING * * *
The deep elf priest calls down the wrath of its god upon you.
Something smites you!
* * * LOW HITPOINT WARNING * * *
The flail of draining completely misses you.
The deep elf knight shoots an arrow.
The arrow completely misses you.
The arrow hits the flail of protection!!
You hear a shout!
You feel a strong urge to attack something.
The deep elf fighter casts a spell.
The deep elf fighter flickers and vanishes for a moment.
The short sword of venom hits you!
You die...

.............###............###..
............## ##..........## ##.
.............###...........## ##.
e...........e.#.............# #..
............................###..
.............................#...
................e(.(e.e..........
........((Y.(##.....Y....
.......(@(..####.........
....e.....(..##...(......
..........e..e...........
.............e.......#...
..........e.(....e..###..
.....#........e....# #..
....###.......e...## ##. ...#
##.......e.e# #. ....... #..


You could see 2 deep elf knights, 2 deep elf priests, an ice beast, 4 deep elf
fighters, 3 deep elf magi and 8 dancing weapons.

Vanquished Creatures
  A deep elf death mage (Elf:1)
  A vault guard (D:14)
  Harold (Orc:1)
  A hydra (D:13)
  4 centaur warriors
  5 tengu warriors
  2 ogre magi
  An orc high priest (Orc:4)
  9 deep elf knights
  4 deep elf summoners (Elf:1)
  An orc knight (D:15)
  2 unseen horrors (D:15)
  3 hill giants
  9 deep elf conjurers
  2 ugly things
  2 manticores
  4 necromancers (Elf:1)
  5 orc sorcerers (Orc:4)
  A hornet (shapeshifter) (Elf:1)
  6 slime creatures
  2 centaur zombies
  The ghost of Peloso the Covered, a novice MiFi (D:4)
  A cyclops (D:13)
  A gargoyle (D:10)
  A kobold demonologist (D:14)
  8 deep elf priests
  3 tengu conjurers
  A polar bear (shapeshifter) (D:15)
  8 trolls
  2 freezing wraiths
  Grinder (D:5)
  A harpy skeleton (D:15)
  3 two-headed ogres (D:15)
  A wraith (D:10)
  A trapdoor spider (D:14)
  3 shadows
  20 deep elf fighters
  A wyvern (D:12)
  8 yaks
  4 hippogriffs
  18 deep elf magi
  A golden eye (shapeshifter) (D:13)
  3 hungry ghosts
  A mottled dragon (D:14)
  8 vampire mosquitoes
  5 wargs
  A soldier ant (D:15)
  2 large abominations (Elf:1)
  19 orc warriors
  A wasp (D:13)
  6 phantoms
  2 black bears
  4 ice beasts
  11 ogres
  A sky beast (shapeshifter) (D:15)
  A sky beast (D:9)
  An eye of draining (D:7)
  2 necrophages
  10 centaurs
  2 big kobolds
  A brain worm (D:15)
  3 crocodiles
  3 elf zombies (Elf:1)
  7 giant frogs
  2 gnoll sergeants
  A wyvern skeleton (D:13)
  4 scorpions
  15 killer bees
  16 wights
  3 spriggan skeletons (D:9)
  A troll skeleton (D:9)
  11 crimson imps
  7 hounds
  40 orc priests
  2 gnoll shamans
  A giant frog skeleton (D:8)
  3 giant frog zombies
  6 iguanas
  7 jellies
  11 centaur skeletons
  7 worker ants
  49 orc wizards
  3 hound skeletons
  A hound zombie (D:7)
  12 adders
  8 shadow imps
  21 gnolls
  An ooze (D:1)
  An adder skeleton (D:7)
  A worm (D:5)
  3 giant geckos
  160 orcs
  4 giant cockroaches
  7 goblins
  5 hobgoblins
  12 kobolds
  10 quokkas
  6 bats
  2 giant gecko zombies
  6 giant newts
  12 jackals
  A quokka zombie (D:6)
  6 rats
  A crawling corpse (Elf:2)
717 creatures vanquished.

Vanquished Creatures (collateral kills)
  A wight (D:12)
1 creature vanquished.

Grand Total: 718 creatures vanquished

Notes
Turn   | Place    | Note
--------------------------------------------------------------
     0 | D:1      | Metrazal the Spriggan Assassin began the quest for the Orb.
     0 | D:1      | Reached XP level 1. HP: 10/10 MP: 2/2
   154 | D:1      | Reached skill level 6 in Stealth
   213 | D:1      | Reached XP level 2. HP: 11/14 MP: 3/3
  1219 | D:2      | Reached skill level 1 in Slings
  1319 | D:2      | Found a sacrificial altar of Ru.
  1408 | D:2      | Reached XP level 3. HP: 15/18 MP: 4/4
  2104 | D:3      | Found a faded altar to an unknown god.
  2271 | D:3      | Reached XP level 4. HP: 20/22 MP: 5/5
  2356 | D:3      | Found a bloodstained altar of Trog.
  2957 | D:4      | Noticed Peloso's ghost (novice MiFi)
  3020 | D:4      | Reached XP level 5. HP: 10/25 MP: 6/6
  3244 | D:4      | Reached skill level 7 in Stealth
  3483 | D:4      | Killed Peloso's ghost
  3483 | D:4      | Reached skill level 5 in Dodging
  3483 | D:4      | Reached skill level 8 in Stealth
  3483 | D:4      | Reached XP level 6. HP: 4/30 MP: 7/7
  4165 | D:4      | Found a shimmering altar of Xom.
  4254 | D:4      | Reached XP level 7. HP: 30/33 MP: 8/8
  4524 | D:5      | Entered Level 5 of the Dungeon
  4545 | D:5      | Noticed Grinder
  4560 | D:5      | Killed Grinder
  4841 | D:5      | Reached skill level 5 in Short Blades
  5027 | D:5      | Reached skill level 5 in Slings
  5027 | D:5      | Reached skill level 1 in Bows
  5027 | D:5      | Reached skill level 9 in Stealth
  5047 | D:5      | Found Xureph's Antique Armour Shoppe.
  5253 | D:5      | Reached XP level 8. HP: 37/37 MP: 9/9
  6718 | D:5      | Reached skill level 10 in Stealth
  7088 | D:6      | Reached XP level 9. HP: 15/41 MP: 10/10
  7367 | D:6      | Found an ancient bone altar of Kikubaaqudgha.
  7466 | D:6      | Found a bloodstained altar of Trog.
  7944 | D:6      | Found an opulent altar of Gozag.
  8433 | D:7      | Found a staircase to the Ecumenical Temple.
  8519 | Temple   | Entered the Ecumenical Temple
  8541 | Temple   | Became a worshipper of Elyvilon the Healer
  9128 | D:7      | Reached skill level 11 in Stealth
  9204 | D:7      | Reached skill level 5 in Bows
  9512 | D:7      | Found an iron altar of Okawaru.
 10906 | D:7      | Elyvilon protects you from harm!
 10930 | D:7      | Reached XP level 10. HP: 17/46 MP: 11/11
 11365 | D:8      | Found a staircase to the Lair.
 11421 | D:8      | Reached skill level 10 in Dodging
 11676 | D:8      | Reached skill level 12 in Stealth
 11863 | D:8      | Reached * piety under Elyvilon
 12003 | D:8      | Found a sacrificial altar of Ru.
 14159 | D:10     | Entered Level 10 of the Dungeon
 14288 | D:10     | Reached ** piety under Elyvilon
 14482 | D:10     | Reached skill level 13 in Stealth
 14516 | D:10     | Noticed a hill giant
 14546 | D:10     | Killed a hill giant
 14546 | D:10     | Reached XP level 11. HP: 39/49 MP: 12/12
 15665 | D:10     | Noticed an ogre mage
 15674 | D:10     | Killed an ogre mage
 16114 | D:11     | Reached skill level 10 in Slings
 17326 | D:12     | Reached *** piety under Elyvilon
 17359 | D:12     | Found a labyrinth entrance.
 17455 | D:12     | Reached skill level 14 in Stealth
 17965 | D:12     | Found a staircase to the Orcish Mines.
 18625 | D:12     | Reached skill level 10 in Short Blades
 18712 | Orc:1    | Entered Level 1 of the Orcish Mines
 18802 | Orc:1    | Noticed Harold
 18820 | Orc:1    | Killed Harold
 19202 | Orc:1    | Found a dark tunnel.
 19314 | Orc:1    | You fall through a shaft!
 19604 | Orc:2    | Reached XP level 12. HP: 53/53 MP: 13/13
 19623 | Orc:2    | Reached **** piety under Elyvilon
 20946 | Orc:4    | Entered Level 4 of the Orcish Mines
 21208 | Orc:4    | Found a roughly hewn altar of Beogh.
 21608 | Orc:4    | Found a staircase to the Elven Halls.
 22202 | Orc:4    | Reached skill level 15 in Stealth
 22691 | Orc:4    | Found King's Distillery.
 22693 | Orc:4    | Found Iloxabol's General Store.
 22694 | Orc:4    | Found Fubb's Food Shoppe.
 22707 | Orc:4    | Found Qophyggeavu's Armour Shoppe.
 22827 | Orc:4    | Reached skill level 10 in Bows
 22953 | Orc:4    | Bought a bread ration for 55 gold pieces
 22953 | Orc:4    | Bought a slice of pizza for 16 gold pieces
 22953 | Orc:4    | Bought a royal jelly for 22 gold pieces
 22953 | Orc:4    | Bought a slice of pizza for 16 gold pieces
 22957 | Orc:4    | Bought 27 stones for 43 gold pieces
 22957 | Orc:4    | Bought a bread ration for 80 gold pieces
 22957 | Orc:4    | Bought a scroll of teleportation for 48 gold pieces
 22959 | Orc:4    | Bought a potion of heal wounds for 80 gold pieces
 22959 | Orc:4    | Bought a potion of resistance for 160 gold pieces
 22959 | Orc:4    | Bought a potion of curing for 48 gold pieces
 23306 | Elf:1    | Entered Level 1 of the Elven Halls
 23657 | Elf:1    | Found a portal to a secret trove of treasure.
 24335 | Elf:1    | Reached XP level 13. HP: 38/57 MP: 14/14
 24712 | Elf:1    | Reached skill level 16 in Stealth
 24732 | Elf:1    | Found Lonnod's Assorted Antiques.
 26233 | D:13     | Noticed a hill giant
 26267 | D:13     | Killed a hill giant
 26529 | D:13     | Reached ***** piety under Elyvilon
 26547 | D:13     | Found Tuhailet's Distillery.
 26550 | D:13     | Bought a potion of curing for 45 gold pieces
 26550 | D:13     | Bought a potion of heal wounds for 75 gold pieces
 26550 | D:13     | Bought a potion of heal wounds for 75 gold pieces
 26550 | D:13     | Bought a potion of curing for 45 gold pieces
 26601 | D:13     | You fall through a shaft for 2 floors!
 26601 | D:15     | Entered Level 15 of the Dungeon
 28578 | D:14     | Found a gate to the Vaults.
 30004 | D:15     | Found Pemeselo's Book Boutique.
 30020 | D:15     | Reached skill level 17 in Stealth
 30292 | D:15     | Reached skill level 15 in Dodging
 31147 | D:15     | Reached XP level 14. HP: 61/61 MP: 15/15
 32515 | D:15     | Found a staircase to the Depths.
 33371 | Elf:1    | Noticed a deep elf death mage
 33407 | Elf:1    | Killed a deep elf death mage
 33660 | Elf:1    | Identified Cigotuvi's Incunabulum of Necromancy
 34207 | Elf:1    | Reached skill level 1 in Invocations
 35190 | Elf:2    | Reached skill level 18 in Stealth
 35629 | Elf:2    | Slain by a short sword of venom

Action                   |  1- 3 |  4- 6 |  7- 9 | 10-12 | 13-15 || total
-------------------------+-------+-------+-------+-------+-------++-------
Melee: Dagger            |   110 |    77 |   297 |   432 |   222 ||  1138
 Fire: Hunting sling     |       |    78 |   304 |  1143 |  1015 ||  2540
       Blowgun           |       |     1 |    64 |   178 |   168 ||   411
Throw: Stone             |       |       |   185 |    28 |    60 ||   273
Invok: Greater Healing   |       |       |       |       |     2 ||     2
Evoke: Wand              |       |       |     2 |     5 |     7 ||    14
  Use: Scroll            |     4 |       |    11 |    15 |    11 ||    41
       Potion            |       |     4 |     1 |     1 |     9 ||    15
 Stab: Sleeping          |    11 |     9 |    23 |    41 |    29 ||   113
       Distracted        |     1 |     1 |     3 |    12 |     6 ||    23
  Eat: Pizza             |       |     1 |       |       |     2 ||     3
       Fruit             |       |       |     2 |       |     4 ||     6
       Bread ration      |       |       |     1 |       |       ||     1
       Royal jelly       |       |       |       |     6 |       ||     6
